cohdb
Replays
Latest Replays
All Replays
Popular Replays
Top Player Replays
Match Explorer
How It Works
Community
CoH3 Stats
Reddit
Sign in to upload your games and track your stats! →
Sign in with Steam
Match 20364646
Unlisted
Match 20364646
Overview
Messages
Build Orders
End
Selects Advanced Infantry Battlegroup
Construct Barracks
Engineer Squad
Riflemen Squad
Riflemen Squad
Grenade Package
Riflemen Squad
Mortar Pit
Selects Convert to Ranger Squad
Convert to Ranger Squad
Construct Medical Station
Convert to Ranger Squad
Mortar Pit
Air Support Center
Convert to Ranger Squad
P-47 Dive Bomb
Construct Tank Depot
Selects Frontline Medical Station
,,,,,,,,,
MonoChrome
Warfield Mercenary[전장용병]
MAZA_(Rus)
0
0
Comments
sign in to comment!
No comments posted yet!